BSA
IRVINE GANG GREEN @ NASSAU ROCKETS
03/09/2028
 
TOP OF THE 1ST
Irvine Gang Green batting - Pitching for Nassau Rockets : RHP Tomás Molina
Pitching: RHP Tomás Molina
Batting: LHB Tony Tavárez 0-0: Ball
1-0: Bunt for hit - play at first, batter OUT! 2-3
Batting: RHB José Salazar 0-0: Ball
1-0: Ball
2-0: Called Strike
2-1: DOUBLE (Line Drive, 7LM)
Batting: LHB Jorge Martínez 0-0: Called Strike
0-1: Ball
1-1: Foul Ball, location: 2F
1-2: Ball
Wild Pitch!
José Salazar to third
2-2: Ground out 3-1 (Groundball, 34)
José Salazar scores
Batting: RHB Buck Jones 0-0: Ball
1-0: Ball
2-0: Ball
3-0: Base on Balls
Batting: LHB Leonardo Medina 0-0: Ball
1-0: Ball
2-0: Foul Ball, location: 2F
2-1: Ball
3-1: Foul Ball, location: 2F
3-2: Base on Balls
Buck Jones to second
Batting: RHB Eichiro Yamamoto 0-0: Ball
1-0: Ball
2-0: Ball
3-0: Base on Balls
Buck Jones to third
Leonardo Medina to second
Batting: LHB Enrique Valentín 0-0: Ball
1-0: Ball
2-0: Called Strike
2-1: Swinging Strike
2-2: Foul Ball, location: 2F
2-2: Strikes out swinging
Top of the 1st over - 1 run(s), 1 hit(s), 0 error(s), 3 left on base; Irvine 1 - Nassau 0
BOTTOM OF THE 1ST
Nassau Rockets batting - Pitching for Irvine Gang Green : RHP Jung Chwa
Pitching: RHP Jung Chwa
Batting: SHB Howard Parker 0-0: Swinging Strike
0-1: Fly out, F7 (Line Drive, 7)
Batting: LHB Bob Martin 0-0: Ball
1-0: Called Strike
1-1: Called Strike
1-2: Ball
2-2: Ball
3-2: Strikes out swinging
Batting: LHB Don Ramey 0-0: Ground out 4-3 (Groundball, 4)
Bottom of the 1st over - 0 run(s), 0 hit(s), 0 error(s), 0 left on base; Irvine 1 - Nassau 0
TOP OF THE 2ND
Irvine Gang Green batting - Pitching for Nassau Rockets : RHP Tomás Molina
Batting: RHB Tom Doherty 0-0: SINGLE (Line Drive, 8LS)
Batting: RHB Aaron Wilson 0-0: Ball
1-0: Ball
2-0: Ball
3-0: Called Strike
3-1: SINGLE (Line Drive, 8LS)
Tom Doherty to second
Batting: LHB Tony Tavárez 0-0: Ball
1-0: Foul Ball, location: 2F
1-1: Ball
2-1: Called Strike
2-2: Ball
3-2: Base on Balls
Tom Doherty to third
Aaron Wilson to second
Batting: RHB José Salazar 0-0: Ball
1-0: Foul Ball, location: 2F
1-1: Foul Ball, location: 2F
1-2: DOUBLE (Line Drive, 9D)
Tom Doherty scores
Aaron Wilson scores
Tony Tavárez to third
Batting: LHB Jorge Martínez 0-0: Foul Ball, location: 2F
0-1: SINGLE (Groundball, 4MD)
Tony Tavárez scores
José Salazar to third
Runner from 3rd tries for Home, SAFE, throw made home
Jorge Martínez to second
Batting: RHB Buck Jones 0-0: Called Strike
0-1: Swinging Strike
0-2: Foul Ball, location: 2F
0-2: Fly out, F8 (Flyball, 8LM)
Batting: LHB Leonardo Medina 0-0: 2-RUN HOME RUN (Flyball, 9D), Distance : 398 ft
Pitching: RHP Nolan Baker
Batting: RHB Eichiro Yamamoto 0-0: Ball
1-0: Ball
2-0: Called Strike
2-1: Ball
3-1: Called Strike
3-2: Base on Balls
Batting: LHB Enrique Valentín 0-0: Called Strike
0-1: Ball
1-1: Ball
2-1: Foul Ball, location: 2F
2-2: Foul Ball, location: 2F
2-2: Fly out, F3 (Flyball, 34D)
Batting: RHB Tom Doherty 0-0: Fly out, F9 (Flyball, 9)
Top of the 2nd over - 6 run(s), 5 hit(s), 0 error(s), 1 left on base; Irvine 7 - Nassau 0
BOTTOM OF THE 2ND
Nassau Rockets batting - Pitching for Irvine Gang Green : RHP Jung Chwa
Batting: RHB Kenji Kudo 0-0: Ball
1-0: Foul Ball, location: 2F
1-1: Called Strike
1-2: Strikes out swinging
Batting: SHB Edgardo Osorio 0-0: Ball
1-0: Ground out U3 (Groundball, 34)
Batting: LHB Wilson Allen 0-0: Ball
1-0: Ball
2-0: Fly out, F8 (Line Drive, 78M)
Bottom of the 2nd over - 0 run(s), 0 hit(s), 0 error(s), 0 left on base; Irvine 7 - Nassau 0
TOP OF THE 3RD
Irvine Gang Green batting - Pitching for Nassau Rockets : RHP Nolan Baker
Batting: RHB Aaron Wilson 0-0: SINGLE (Groundball, 5S) (infield hit)
Batting: LHB Tony Tavárez 0-0: Swinging Strike
0-1: Hit by Pitch
Aaron Wilson to second
Batting: RHB José Salazar 0-0: Ball
1-0: Called Strike
1-1: Ball
2-1: Ball
Wild Pitch!
Aaron Wilson to third
Tony Tavárez to second
3-1: Base on Balls
Batting: LHB Jorge Martínez 0-0: Ball
1-0: Foul Ball, location: 2F
1-1: Ball
2-1: SINGLE (Line Drive, 8RS)
Aaron Wilson scores
Tony Tavárez to third
José Salazar to second
Runner from 3rd tries for Home, SAFE, no throw
Batting: RHB Buck Jones 0-0: Grounds into double play, 4-6-3 (Groundball, 4)
José Salazar to third
Batting: LHB Leonardo Medina 0-0: Called Strike
0-1: Foul Ball, location: 2F
0-2: Ball
1-2: Ground out 4-3 (Groundball, 4)
Top of the 3rd over - 2 run(s), 2 hit(s), 0 error(s), 1 left on base; Irvine 9 - Nassau 0
BOTTOM OF THE 3RD
Nassau Rockets batting - Pitching for Irvine Gang Green : RHP Jung Chwa
Batting: RHB Jesús Villalobos 0-0: Ball
1-0: Called Strike
1-1: SINGLE (Line Drive, 56D)
Batting: RHB Brant Sherman 0-0: Called Strike
Jesús Villalobos is caught stealing 2nd base
0-1: Ball
1-1: Fly out, F6 (Flyball, 4MD)
Batting: RHB Yaichiro Sugahara 0-0: Called Strike
0-1: Ball
1-1: Ground out 4-3 (Groundball, 4)
Bottom of the 3rd over - 0 run(s), 1 hit(s), 0 error(s), 0 left on base; Irvine 9 - Nassau 0
TOP OF THE 4TH
Irvine Gang Green batting - Pitching for Nassau Rockets : RHP Nolan Baker
Batting: RHB Eichiro Yamamoto 0-0: Called Strike
0-1: Ball
1-1: Called Strike
1-2: Ball
2-2: Foul Ball, location: 2F
2-2: Foul Ball, location: 2F
2-2: Foul Ball, location: 2F
2-2: Ball
3-2: Ground out 5-3 (Groundball, 5)
Batting: LHB Enrique Valentín 0-0: Ball
1-0: SINGLE (Groundball, 56D)
Batting: RHB Tom Doherty 0-0: Called Strike
0-1: Swinging Strike
0-2: Ball
1-2: Grounds into double play, 5-4-3 (Groundball, 56)
Top of the 4th over - 0 run(s), 1 hit(s), 0 error(s), 0 left on base; Irvine 9 - Nassau 0
BOTTOM OF THE 4TH
Nassau Rockets batting - Pitching for Irvine Gang Green : RHP Jung Chwa
Batting: SHB Howard Parker 0-0: Called Strike
0-1: Ball
1-1: Called Strike
1-2: Ball
2-2: Ball
3-2: Ground out U3 (Groundball, 34)
Batting: LHB Bob Martin 0-0: Called Strike
0-1: Foul Ball, location: 2F
0-2: Strikes out swinging
Batting: LHB Don Ramey 0-0: Fly out, F9 (Flyball, 9D)
Bottom of the 4th over - 0 run(s), 0 hit(s), 0 error(s), 0 left on base; Irvine 9 - Nassau 0
TOP OF THE 5TH
Irvine Gang Green batting - Pitching for Nassau Rockets : RHP Nolan Baker
Batting: RHB Aaron Wilson 0-0: Ball
1-0: Foul Ball, location: 2F
1-1: Swinging Strike
1-2: Ball
2-2: Ball
3-2: Ground out 5-3 (Groundball, 5)
Pitching: RHP Bill Sampson
Pinch Hitting: RHB Raúl Salas 0-0: Ball
1-0: SOLO HOME RUN (Line Drive, 78XD), Distance : 434 ft
Pinch Hitting: RHB Tyler Wagner 0-0: Called Strike
0-1: Ball
1-1: Ball
2-1: Foul Ball, location: 2F
2-2: Foul Ball, location: 2F
2-2: Ball
3-2: Ground out 5-3 (Groundball, 56S)
Pinch Hitting: LHB Tom Baker 0-0: Ball
1-0: Ball
2-0: Called Strike
2-1: Foul Ball, location: 2F
2-2: Strikes out swinging
Top of the 5th over - 1 run(s), 1 hit(s), 0 error(s), 0 left on base; Irvine 10 - Nassau 0
BOTTOM OF THE 5TH
Nassau Rockets batting - Pitching for Irvine Gang Green : RHP Jung Chwa
Pitching: LHP Frank Jackson
Now at 2B: Santo Cruz
Now at 3B: Don Hooper
Now in CF: Tom Baker
Batting: RHB Kenji Kudo 0-0: Ball
1-0: Swinging Strike
1-1: Ball
2-1: Fly out, F8 (Flyball, 8RM)
Batting: SHB Edgardo Osorio 0-0: Called Strike
0-1: Ball
1-1: Called Strike
1-2: Fly out, F4 (Popup, 3D)
Batting: LHB Wilson Allen 0-0: Ball
1-0: Ball
2-0: SOLO HOME RUN (Line Drive, 9D), Distance : 440 ft
Batting: RHB Jesús Villalobos 0-0: Ball
1-0: Called Strike
1-1: Foul Ball, location: 2F
1-2: Foul Ball, location: 2F
1-2: Fly out, F7 (Line Drive, 7)
Bottom of the 5th over - 1 run(s), 1 hit(s), 0 error(s), 0 left on base; Irvine 10 - Nassau 1
TOP OF THE 6TH
Irvine Gang Green batting - Pitching for Nassau Rockets : RHP Bill Sampson
Batting: RHB Buck Jones 0-0: Ball
1-0: Ball
2-0: Ball
3-0: Called Strike
3-1: Foul Ball, location: 2F
3-2: Base on Balls
Batting: RHB Dan Mason 0-0: Ball
1-0: Foul Ball, location: 2F
1-1: Ball
2-1: Ball
3-1: Called Strike
3-2: Base on Balls
Buck Jones to second
Pinch Hitting: RHB David Hernández 0-0: Grounds into double play, 6-4-3 (Groundball, 56)
Buck Jones to third
Pinch Hitting: LHB António Camacho 0-0: Ball
1-0: Reached on error, E3 (Groundball, 34)
Buck Jones scores
Batting: RHB Tom Doherty 0-0: SINGLE (Line Drive, 4D)
António Camacho to second
Runner from 2nd tries for 3rd, SAFE, no throw
Batting: RHB Aaron Wilson 0-0: Called Strike
0-1: SINGLE (Line Drive, 7S)
António Camacho scores
Tom Doherty to second
Batting: RHB Santo Cruz 0-0: Called Strike
0-1: Foul Ball, location: 2F
0-2: Ball
1-2: Ground out 5-3 (Groundball, 56S)
Top of the 6th over - 2 run(s), 2 hit(s), 1 error(s), 2 left on base; Irvine 12 - Nassau 1
BOTTOM OF THE 6TH
Nassau Rockets batting - Pitching for Irvine Gang Green : LHP Frank Jackson
Now at 1B: Víctor Quiñones
Now in LF: António Camacho
Batting: RHB Brant Sherman 0-0: Foul Ball, location: 2F
0-1: Foul Ball, location: 2F
0-2: Foul Ball, location: 2F
0-2: Ball
1-2: Fly out, F8 (Line Drive, 89D)
Batting: RHB Yaichiro Sugahara 0-0: Ball
1-0: Called Strike
1-1: Called Strike
1-2: Fly out, F7 (Flyball, 78M)
Batting: SHB Howard Parker 0-0: Ball
1-0: Ball
2-0: Swinging Strike
2-1: Foul Ball, location: 2F
2-2: Foul Ball, location: 2F
2-2: Ball
3-2: Base on Balls
Batting: LHB Bob Martin 0-0: Called Strike
0-1: Ball
Howard Parker steals 2nd base
1-1: Foul Ball, location: 2F
1-2: Ball
2-2: Ball
3-2: Strikes out looking
Bottom of the 6th over - 0 run(s), 0 hit(s), 0 error(s), 1 left on base; Irvine 12 - Nassau 1
TOP OF THE 7TH
Irvine Gang Green batting - Pitching for Nassau Rockets : RHP Bill Sampson
Batting: RHB Don Hooper 0-0: Ground out 6-3 (Groundball, 6S)
Batting: LHB Tom Baker 0-0: SOLO HOME RUN (Line Drive, 89XD), Distance : 414 ft
Pitching: RHP Brandon Malet
Batting: RHB Buck Jones 0-0: Called Strike
0-1: Ball
1-1: Ball
2-1: Called Strike
2-2: Foul Ball, location: 2F
2-2: Ball
3-2: Base on Balls
Batting: RHB Dan Mason 0-0: Ball
1-0: Called Strike
1-1: Foul Ball, location: 2F
1-2: Fly out, F9 (Flyball, 9LSF)
Batting: LHB Víctor Quiñones 0-0: Fly out, F9 (Flyball, 89M)
Top of the 7th over - 1 run(s), 1 hit(s), 0 error(s), 1 left on base; Irvine 13 - Nassau 1
BOTTOM OF THE 7TH
Nassau Rockets batting - Pitching for Irvine Gang Green : LHP Frank Jackson
Batting: LHB Don Ramey 0-0: Foul Ball, location: 2F
0-1: Ball
1-1: Fly out, F3 (Popup, 3L)
Batting: RHB Kenji Kudo 0-0: Ball
1-0: Ball
2-0: Called Strike
2-1: Fly out, F4 (Popup, 34D)
Batting: SHB Edgardo Osorio 0-0: Ball
1-0: Ground out 6-3 (Groundball, 6)
Bottom of the 7th over - 0 run(s), 0 hit(s), 0 error(s), 0 left on base; Irvine 13 - Nassau 1
TOP OF THE 8TH
Irvine Gang Green batting - Pitching for Nassau Rockets : RHP Brandon Malet
Batting: LHB António Camacho 0-0: Called Strike
0-1: Ball
1-1: Foul Ball, location: 2F
1-2: Strikes out swinging
Batting: RHB Tom Doherty 0-0: Ball
1-0: Ground out 6-3 (Groundball, 6)
Batting: RHB Aaron Wilson 0-0: Called Strike
0-1: Ball
1-1: Called Strike
1-2: Ground out 5-3 (Groundball, 5L)
Top of the 8th over - 0 run(s), 0 hit(s), 0 error(s), 0 left on base; Irvine 13 - Nassau 1
BOTTOM OF THE 8TH
Nassau Rockets batting - Pitching for Irvine Gang Green : LHP Frank Jackson
Batting: LHB Wilson Allen 0-0: Ball
1-0: Foul Ball, location: 2F
1-1: Swinging Strike
1-2: Ball
2-2: Ball
3-2: Ground out 4-3 (Groundball, 4)
Pitching: RHP Mike Fisher
Batting: RHB Jesús Villalobos 0-0: Ball
1-0: Foul Ball, location: 2F
1-1: Ball
2-1: Foul Ball, location: 2F
2-2: Ball
3-2: SINGLE (Line Drive, 78S)
Batting: RHB Brant Sherman 0-0: Foul Ball, location: 2F
0-1: Ball
1-1: Fly out, F9 (Line Drive, 9)
Batting: RHB Yaichiro Sugahara 0-0: Ball
1-0: Ball
2-0: Called Strike
2-1: Ball
3-1: Foul Ball, location: 2F
3-2: Strikes out swinging
Bottom of the 8th over - 0 run(s), 1 hit(s), 0 error(s), 1 left on base; Irvine 13 - Nassau 1
TOP OF THE 9TH
Irvine Gang Green batting - Pitching for Nassau Rockets : RHP Brandon Malet
Pitching: RHP Juan Franco
Batting: RHB Santo Cruz 0-0: Ball
1-0: Called Strike
1-1: Ground out 4-3 (Groundball, 4)
Pitching: RHP Valentín Luna
Batting: RHB Don Hooper 0-0: Called Strike
0-1: Ball
1-1: Ball
2-1: Fly out, F9 (Line Drive, 9)
Pitching: RHP José García
Batting: LHB Tom Baker 0-0: Ground out 4-3 (Groundball, 34)
Top of the 9th over - 0 run(s), 0 hit(s), 0 error(s), 0 left on base; Irvine 13 - Nassau 1
BOTTOM OF THE 9TH
Nassau Rockets batting - Pitching for Irvine Gang Green : RHP Mike Fisher
Pinch Hitting: RHB Salvador Borbón 0-0: Ball
1-0: Ball
2-0: Fly out, F8 (Flyball, 8RXD)
Pinch Hitting: LHB Doug Thompson 0-0: Called Strike
0-1: Ball
1-1: Ground out U3 (Groundball, 34)
Pinch Hitting: LHB Andrew Alvarado 0-0: DOUBLE (Line Drive, 9LM)
Pinch Hitting: SHB Chris Bennis 0-0: Called Strike
0-1: Ball
1-1: Ground out 5-3 (Groundball, 56S)
Bottom of the 9th over - 0 run(s), 1 hit(s), 0 error(s), 1 left on base; Irvine 13 - Nassau 1
Tuesday, August 8th, 2017 - OOTP Baseball 17.12 Build 75